 Dungeon Sprint DCSS version 0.30-a0-29-g142975f185 (webtiles) character file.

Game seed: 276685281768577056

511 enile the Thaumaturge (level 7, -15/59 HPs)
             Began as a Djinni Ice Elementalist on Aug 27, 2022.
             Was an Initiate of Jiyva.
             Demolished by a centaur warrior (16 damage)
             ... in the Dungeon (Sprint IX: "|||||||||||||||||||||||||||||").
             The game lasted 00:06:10 (922 turns).

enile the Thaumaturge (Djinni Ice Elementalist)      Turns: 922, Time: 00:06:11

Health: -15/59     AC:  1    Str: 10    XL:     7   Next: 43%
Gold:   0          EV: 17    Int: 19    God:    Jiyva [......] SH:  0 Dex: 13

rFire   + + .      SeeInvis .    g - +0 dagger
rCold   x . .      Faith    .    (no shield)
rNeg    . . .      Spirit   .    (no body armour)
rPois   ∞          Reflect  .    (no helmet)
rElec   .          Harm     .    (no cloak)
rCorr   .          Rampage  .    o - +0 pair of gloves
Will    .....      NoTele   +    (boots unavailable)
Stlth   ++........               (no amulet)
HPRegen 0.19/turn                l - +2 ring of evasion
MPRegen 0.00/turn                m - +3 ring of strength

@: flying
A: sickness immunity, fire resistance 2, cold vulnerability 1, float, innate
caster, HP casting, extra vitality 1
a: Renounce Religion


You were in the Dungeon.
You worshipped Jiyva.
Jiyva was noncommittal.
You visited 1 branch

Inventory:

Hand Weapons
 g - a +0 dagger (weapon)
 i - a +2 vorpal dire flail
 j - a +2 rapier of distortion
 k - a +2 scimitar of holy wrath
Armour
 a - a +0 robe
 c - a +0 leather armour
 n - a +1 chain mail
 o - a +0 pair of gloves (worn)
Jewellery
 l - a +2 ring of evasion (left hand)
 m - a +3 ring of strength (right hand)
Wands
 h - a wand of iceblast (10)
Potions
 b - 5 potions of curing


   Skills:
 - Level 8.0 Fighting
 - Level 2.0 Armour
 - Level 7.0 Dodging
 - Level 3.0 Stealth
 + Level 8.8 Spellcasting


You had 6 spell levels left.
You knew the following spells:

 Your Spells              Type           Power      Damage    Failure   Level
a - Freeze                Ice            100%       1d11      1%          1
b - Frozen Ramparts       Ice            82%        1d13      1%          3
c - Blink                 Tloc           82%        N/A       1%          2
d - Hailstorm             Conj/Ice       41%        3d10      2%          4
e - Apportation           Tloc           82%        N/A       1%          1
f - Ozocubu's Armour      Ice            41%        N/A       1%          3
g - Gell's Gravitas       Tloc           41%        N/A       1%          3
Your spell library was empty.

Dungeon Overview and Level Annotations

Branches:
Dungeon (1/1)

Altars:
Cheibriados
Dithmenos
Elyvilon
Fedhas
Gozag
Hepliaklqana
Makhleb
Nemelex Xobeh
Okawaru
Qazlal
Ru
Trog
Uskayaw
Wu Jian
Xom
Yredelemnul
Zin
The Shining One
Jiyva
Lugonu


Innate Abilities, Weirdness & Mutations

You are immune to sickness and miasma.
You are immune to poison.
Your flesh is very heat resistant. (rF++)
You are vulnerable to cold. (rC-)
You float through the air rather than walking.
You learn spells naturally, not from books.
Your magical power is your life essence.
You have superior vitality. (+4 MHP)


Message History

The six-headed hydra bites you. The six-headed hydra bites you! x2
The wall freezes the five-headed hydra.
The wall freezes the five-headed hydra!
You aren't carrying any scrolls.
Okay, then.
Casting: Ozocubu's Armour (safe; 1% risk of failure)
Confirm with . or Enter, or press ? or * to list all spells.
Okay, then.
Casting: Ozocubu's Armour (safe; 1% risk of failure)
Confirm with . or Enter, or press ? or * to list all spells.
Your icy armour and frozen ramparts will break if you move.
Continue? [Y]es or [N]o only, please.
Your icy armour and frozen ramparts will break if you move.
Continue?
You blink.
Your icy armour cracks and falls away as you move.
The frozen ramparts melt away as you move.
The centaur warrior closely misses you. The centaur warrior kicks you.
* * * LOW HITPOINT WARNING * * *
The centaur warrior misses you. The centaur warrior kicks you.
* * * LOW HITPOINT WARNING * * *
The centaur warrior closely misses you. The centaur warrior kicks you.
* * * LOW HITPOINT WARNING * * *
The centaur warrior hits you!
* * * LOW HITPOINT WARNING * * *
The centaur warrior closely misses you.
You hear a distant slurping noise.
Okay, then.
You aren't carrying any scrolls.
Unknown command.
Okay, then.
Casting: Blink (safe; 1% risk of failure)
Confirm with . or Enter, or press ? or * to list all spells.
Aiming: Freeze (safe; 1% risk of failure)
Press: ? - help, Shift-Dir - straight line, f - centaur warrior
Aim: a centaur warrior You freeze the centaur warrior!
The centaur warrior is lightly wounded.
* * * LOW HITPOINT WARNING * * *
You feel stable enough to blink again. The centaur warrior hits you!
You die...

▓+▓
▓9▓
▓c▓
▓@▓
▓c▓
▓C▓
▓D▓
▓D▓
▓§▓
▓.▓
▓)▓
▓.▓


You could see a six-headed hydra, a five-headed hydra, 2 centaur warriors, a
cyclops and a gargoyle.

Vanquished Creatures
  A shadow (D)
  A centaur (D)
  A necrophage (D)
  3 killer bees (D)
  A howler monkey (D)
  A hound (D)
  An adder (D)
  A white imp (D)
  An orc (D)
  2 goblins (D)
  A quokka (D)
  2 kobolds (D)
16 creatures vanquished.

Vanquished Creatures (others)
  A great orb of eyes (D)
  A manticore (shapeshifter) (D)
2 creatures vanquished.

Grand Total: 18 creatures vanquished

Notes
Turn   | Place    | Note
-------+----------+-------------------------------------------
     0 | D        | enile the Djinni Ice Elementalist began the quest for the
                  | Orb.
     0 | D        | enile set off with the following spells memorised: Freeze,
                  | Frozen Ramparts, Ozocubu's Armour, Hailstorm.
     0 | D        | Reached XP level 1. HP: 15/15 MP: 0/0
     6 | D        | Reached skill level 1 in Fighting
   169 | D        | Noticed a necrophage
   169 | D        | Noticed a hound
   191 | D        | Killed a hound
   192 | D        | Reached skill level 5 in Spellcasting
   192 | D        | Reached XP level 2. HP: 10/25 MP: 0/0
   192 | D        | Reached XP level 3. HP: 13/30 MP: 0/0
   192 | D        | Learned a level 1 spell: Apportation
   201 | D        | Killed a necrophage
   202 | D        | Reached XP level 4. HP: 29/40 MP: 0/0
   202 | D        | Reached XP level 5. HP: 33/45 MP: 0/0
   202 | D        | Learned a level 2 spell: Blink
   354 | D        | Found a snail-covered altar of Cheibriados.
   354 | D        | Found a shadowy altar of Dithmenos.
   354 | D        | Found a white marble altar of Elyvilon.
   354 | D        | Found a blossoming altar of Fedhas.
   354 | D        | Found an opulent altar of Gozag.
   355 | D        | Found a hazy altar of Hepliaklqana.
   356 | D        | Found a viscous altar of Jiyva.
   358 | D        | Found a corrupted altar of Lugonu.
   359 | D        | Found a burning altar of Makhleb.
   360 | D        | Found a sparkling altar of Nemelex Xobeh.
   361 | D        | Found an iron altar of Okawaru.
   362 | D        | Found a stormy altar of Qazlal.
   363 | D        | Found a sacrificial altar of Ru.
   365 | D        | Found a bloodstained altar of Trog.
   366 | D        | Found a hide-covered altar of Uskayaw.
   368 | D        | Found an ornate altar of the Wu Jian Council.
   369 | D        | Found a shimmering altar of Xom.
   370 | D        | Found a basalt altar of Yredelemnul.
   371 | D        | Found a glowing silver altar of Zin.
   372 | D        | Found a glowing golden altar of the Shining One.
   473 | D        | Became a worshipper of Jiyva Jarec the Shapeless
   476 | D        | Killed a manticore
   482 | D        | Killed a great orb of eyes
   503 | D        | Noticed a centaur
   503 | D        | Noticed a shadow
   527 | D        | Reached XP level 6. HP: 46/54 MP: 0/0
   645 | D        | Killed a shadow
   646 | D        | Reached XP level 7. HP: 15/59 MP: 0/0
   646 | D        | Learned a level 3 spell: Gell's Gravitas
   918 | D        | Noticed a gargoyle
   918 | D        | Noticed a centaur warrior
   918 | D        | Noticed a centaur warrior
   918 | D        | Noticed a cyclops
   918 | D        | Noticed a five-headed hydra
   918 | D        | Noticed a six-headed hydra
   921 | D        | HP: 2/59 [centaur warrior (9)]
   922 | D        | Demolished by a centaur warrior

Illustrated notes

Levels and vault maps discovered:
D:        linesprint [early_d, line_temple, items_1, d_10, items_2, lair_1,
          lair_end, items_3, orc_1, orc_end, items_4, d_15, swamp_1, shoals_1,
          snake_1, spider_1, d_20, vaults_1, items_5, swamp_end, shoals_end,
          snake_end, spider_end, vaults_end, d_27, items_6, zot_1, zot_end,
          crypt_end, forest_end, elf_end, slime_end, tomb_end, abyss_end,
          pan_hell_end]

Skill      XL: |  1  2  3  4  5  6 |
---------------+-------------------+-----
Fighting       | 3 6 8 |  8.0
Spellcasting   | 5 6 8 |  8.8
Dodging        | 3 4 7 |  7.0
Stealth        | 3 |  3.0
Armour         | 2 |  2.0

Action                   |  1- 3 |  4- 6 |  7- 9 || total
-------------------------+-------+-------+-------++-------
Melee: Dagger            |     5 |     8 |       ||    13
 Cast: Freeze            |    10 |       |     1 ||    11
       Frozen Ramparts   |     1 |     2 |     1 ||     4
       Ozocubu's Armour  |     1 |     1 |     1 ||     3
       Blink             |       |     7 |     1 ||     8
       Hailstorm         |       |     3 |       ||     3
  Use: Potion            |     2 |     4 |       ||     6
       Scroll            |       |     2 |       ||     2
Armor: Robe              |     1 |     2 |       ||     3
       Skin              |       |       |     2 ||     2
Dodge: Dodged            |     8 |    19 |     4 ||    31

Table legend: (Time is in decaauts)
 A = Elapsed time spent in this place.
 B = Non-inter-level travel time spent in this place.
 C = Inter-level travel time spent in this place.
 D = Time resting spent in this place.
 E = Time spent auto-exploring this place.
 F = Levels seen in this place.
 G = Mean time per level.
                   A        B        C        D        E       F      G
               +--------+--------+--------+--------+--------+-----+--------+
         Total |    918 |    913 |      5 |      0 |    561 |   1 |  918.0 |
       Dungeon |    918 |    913 |      5 |      0 |    561 |   1 |  918.0 |
               +--------+--------+--------+--------+--------+-----+--------+

Top non-repeatable levels by time:
       D: 918 daAuts
